 Dungeon Crawl Stone Soup version bcrawl-1.31 (webtiles) character file.

Game seed: 3956555318921859212

168103 Anonimiaus the Sneak (level 3, 0/35 HPs)
             Began as an Ent Sloth Apostle on Mar 26, 2021.
             Was a Follower of Cheibriados.
             Slain by a hound (2 damage)
             ... on level 2 of the Dungeon.
             The game lasted 00:04:29 (883 turns).

Anonimiaus the Sneak (Ent Sloth Apostle)             Turns: 883, Time: 00:04:30

Health: 0/35       AC: 10    Str: 22    XL:     3   Next: 85%
Magic:  5/5        EV:  9    Int: 16    God:    Cheibriados [*.....]
Gold:   37         SH:  0    Dex: 12    Spells: 4/5 levels left

rFire    . . .     SeeInvis .   d - +1 dagger (protect)
rCold    . . .     Gourm    .   (no shield)
rNeg     + + +     Faith    +   (armour unavailable)
rPois    +         Spirit   .   (helmet restricted)
rElec    .         Reflect  .   (no cloak)
rCorr    .         Harm     .   (gloves unavailable)
MR       .....     Rnd*Tele +   (boots unavailable)
Stlth    ++........             j - amulet of faith
HPRegen  0.11/turn              (no ring)
MPRegen  0.09/turn              (no ring)

@: very slow
A: large, slow actions, passwall, strong branches, horns 2, frail 1, negative
energy resistance 3, poison resistance, slow metabolism 1, teleportitis 1,
torment resistance, unbreathing, AC +10
a: Passwall, Bend Time, Renounce Religion


You were on level 2 of the Dungeon.
You worshipped Cheibriados.
Cheibriados was aware of your devotion.
You were very hungry.

You visited 1 branch of the dungeon, and saw 2 of its levels.

You collected 37 gold pieces.

Inventory:

Hand Weapons
 a - a +0 mace
 d - a +1 dagger of protection (weapon)
Armour
 b - a +0 medium shield
Jewellery
 j - an amulet of faith (around neck)
Wands
 c - a wand of paralysis (10)
Scrolls
 i - a scroll of identify
Comestibles
 e - 2 rations {!d}
 k - 2 chunks of flesh


   Skills:
 + Level 2.6 Fighting
 + Level 2.8 Maces & Flails
 + Level 0.6 Dodging
 + Level 3.8 Stealth
 + Level 1.8 Shields
 + Level 1.8 Spellcasting
 + Level 1.4 Hexes
 + Level 1.2 Invocations
 + Level 1.3 Evocations


You had 4 spell levels left.
You knew the following spells:

 Your Spells              Type           Power        Failure   Level  Hunger
a - Slow                  Hex            #.......     12%         1    None
Your spell library was empty.

Dungeon Overview and Level Annotations

Branches:
Dungeon (2/12)

Altars:


Innate Abilities, Weirdness & Mutations

You move and act slowly.
You can pass through walls and trees.
Your branches can wield two-handed weapons with a shield.
Your thick bark is tough. (AC +10)
You are too large for most types of armour.
You are immune to negative energy. (rN+++)
Your system is resistant to poisons. (rPois)
You have a slow metabolism.
You are immune to unholy pain and torment.
You can survive without breathing.
You have a pair of horns on your head.
You are frail. (-10% HP)
You are occasionally teleported next to monsters.


Message History

Your weapon exudes an aura of protection.
The hound is almost dead.
The hound barely misses you. x2
You closely miss the hound. Your headbutt misses the hound.
The hound is almost dead.
The hound closely misses you. The hound bites you.
* * * LOW HITPOINT WARNING * * *
You barely miss the hound.
The hound is almost dead.
The hound closely misses you. The hound bites you but does no damage.
You closely miss the hound.
The hound is almost dead.
The hound barely misses you. The hound bites you but does no damage.
You barely miss the hound.
The hound is almost dead.
The hound bites you but does no damage. The hound closely misses you.
You barely miss the hound.
The hound is almost dead.
The hound bites you.
You die...

..>..# #..## #..#.#
#.... #..#.# ##...#
#..#.###.###. #
#..#.##.## ##
###.##)......# #
#.#........#.## ## #
#.####<#..###.###.
#.#@# #.#..# ##...# #
#%#h####.#..# ##.##
#...#..Ks.......#####.#
......†...............#
#........##############
##.####### #


You could see a hound, a giant cockroach and a kobold.

Vanquished Creatures
  A worker ant (D:2)
  A worm (D:1)
  7 bats (D:1)
  A giant cockroach (D:1)
  4 goblins (D:1)
  2 hobgoblins
  4 jackals (D:1)
  6 kobolds
  2 frilled lizards (D:1)
  5 rats (D:1)
33 creatures vanquished.

Notes
Turn   | Place    | Note
-------+----------+-------------------------------------------
     0 | D:1      | Anonimiaus the Ent Sloth Apostle began the quest for the
                  | Orb.
     0 | D:1      | Reached XP level 1. HP: 22/22 MP: 2/2
   146 | D:1      | Reached skill level 1 in Evocations
   189 | D:1      | Reached XP level 2. HP: 32/32 MP: 4/4
   340 | D:1      | Reached * piety under Cheibriados
   361 | D:1      | Reached XP level 3. HP: 39/39 MP: 5/5
   470 | D:1      | Reached skill level 1 in Invocations
   862 | D:2      | Gained mutation: You are frail. (-10% HP) [potion of
                  | mutation]
   862 | D:2      | Gained mutation: You have a pair of small horns on your
                  | head. [potion of mutation]
   862 | D:2      | Gained mutation: You are occasionally teleported next to
                  | monsters. [potion of mutation]
   862 | D:2      | Gained mutation: You have a pair of horns on your head.
                  | [potion of mutation]
   879 | D:2      | HP: 1/35 [hound (4)]
   883 | D:2      | Slain by a hound

Skill      XL: |  1  2  3 |
---------------+----------+-----
Evocations     | 1 |  1.3
Invocations    | 1 |  1.2
Fighting       | |  2.6
Maces & Flails | |  2.8
Dodging        | |  0.6
Stealth        | |  3.8
Shields        | |  1.8
Spellcasting   | |  1.8
Hexes          | |  1.4

Action                   || total
-------------------------++-------
Melee: Dagger            ||   204
       Mace              ||    13
 Cast: Slow              ||     1
  Use: Scroll            ||     2
       Potion            ||     1
 Stab: Sleeping          ||     6
  Eat: Chunk             ||     3
Armor: Skin              ||   269
Dodge: Dodged            ||   231
Block: Medium shield     ||     7
